 Dungeon Crawl Stone Soup version 0.18-a0-1197-g8004e50 (webtiles) character file.

167 wargas the Shield-Bearer (level 5, -1/41 HPs)
             Began as a Human Fighter on Jan 30, 2016.
             Slain by a worm (3 damage)
             ... on level 3 of the Dungeon.
             The game lasted 01:54:30 (4610 turns).

wargas the Shield-Bearer (Human Fighter)            Turns: 4610, Time: 01:54:30

Health: -1/41      AC:  5    Str: 17    XL:     5   Next: 76%
Magic:  0/5        EV: 10    Int:  9    God:
Gold:   141        SH:  9    Dex: 12    Spells: 0 memorised, 4 levels left

rFire  + . .     SeeInvis .     C - +3 hand axe
rCold  x . .     Gourm    .     n - +2 leather armour {rPois}
rNeg   . . .     Faith    .     c - +0 shield
rPois  +         Spirit   +     m - +0 hat
rElec  .         Dismiss  .     (no cloak)
rCorr  .         Reflect  .     (no gloves)
SustAt +         Harm     .     (no boots)
MR     .....                    A - amulet of guardian spirit
Stlth  +.........               w - ring of fire
                                g - ring of sustain attributes

@: lethally poisoned (-1 -> -2), not resistant to hostile enchantments, very
unstealthy
A: no striking features
a: no special abilities


You were on level 3 of the Dungeon.
You were full.

You visited 1 branch of the dungeon, and saw 3 of its levels.

You collected 141 gold pieces.

Inventory:

Hand Weapons
 a - a +0 long sword
 e - a +0 dagger
 j - a +0 mace
 p - a +0 short sword
 r - a +0 whip
 s - a +0 spear
 t - a +0 hand axe
 v - a +0 mace
 x - a +0 dagger of protection
 y - a +0 whip
 C - a +3 hand axe (weapon)
 E - a +0 hunting sling
 I - a +0 flail
 J - a +0 trident
Missiles
 h - 19 arrows
 k - 106 stones (quivered)
 q - 28 sling bullets
 B - 11 poisoned arrows
Armour
 b - a +0 scale mail
 c - a +0 shield (worn)
 l - a +0 robe
 m - a +0 hat (worn)
 n - a +2 leather armour of poison resistance (worn)
 K - a +0 chain mail
Jewellery
 g - a ring of sustain attributes (left hand)
 w - a ring of fire (right hand)
 A - an amulet of guardian spirit (around neck)
Scrolls
 i - 2 scrolls of identify
 o - 2 scrolls of remove curse {unknown}
 z - a scroll of random uselessness {unknown}
Potions
 H - a potion of berserk rage {unknown}
 L - 2 potions of might
Books
 D - a book of Unlife

   Spells                             Type                      Level
   a - Recall                         Summoning/Translocation      3
   b - Animate Dead                   Necromancy                   4
   c - Control Undead                 Necromancy                   4
   d - Cigotuvi's Embrace             Necromancy                   5
   e - Death Channel                  Necromancy                   6
   f - Simulacrum                     Ice/Necromancy               6
 F - a book of Minor Magic

   Spells                             Type                      Level
   a - Magic Dart                     Conjuration                  1
   b - Blink                          Translocation                2
   c - Call Imp                       Summoning                    2
   d - Repel Missiles                 Charms/Air                   2
   e - Slow                           Hexes                        2
   f - Conjure Flame                  Conjuration/Fire             3
   g - Mephitic Cloud                 Conjuration/Poison/Air       3
Comestibles
 d - 2 meat rations
 f - a bread ration
 u - a beef jerky
 G - a slice of pizza


   Skills:
 + Level 3.6 Fighting
 + Level 2.4 Long Blades
 + Level 0.2 Axes
 + Level 0.2 Throwing
 + Level 3.7 Armour
 + Level 2.2 Dodging
 + Level 0.2 Stealth
 + Level 4.0 Shields


You had 4 spell levels left.
You didn't know any spells.

Dungeon Overview and Level Annotations

Branches:
Dungeon (3/15)

Altars:
The Shining One

Annotations:
D:1 1
D:2 exclusion: ball python


Message History

You hit the worm.
The worm is moderately wounded.
You block the worm's attack.
Your shield prevents you from hitting the worm.
The worm is moderately wounded.
The worm bites you!
You hit the worm.
The worm is moderately wounded.
You feel sick. The worm bites you.
* * * LOW HITPOINT WARNING * * *
The worm bites you.
* * * LOW HITPOINT WARNING * * *
You barely miss the worm.
The worm is moderately wounded.
You feel sick. The worm bites you.
* * * LOW HITPOINT WARNING * * *
You hit the worm.
The worm is moderately wounded.
The worm bites you.
You die...

########### #......(...
#.......... #..........
#.@...# #.w.### ##. #..##
+..#.. # #..## .... .#
#...### ..###.#
###.....#####.#...#
####...#.#.#.......###.#
##..........#...........
##..............>...)#####


You could see a worm.

Vanquished Creatures
  An orc priest (D:3)
  3 gnolls (D:2)
  4 adders
  2 worms
  2 giant geckos (D:2)
  4 orcs (D:3)
  A ball python (D:2)
  4 bats
  6 giant cockroaches
  5 goblins (D:1)
  9 hobgoblins
  3 jackals (D:3)
  A quokka (D:3)
  5 giant newts
  7 kobolds
  5 rats
62 creatures vanquished.

Notes
Turn   | Place    | Note
--------------------------------------------------------------
     0 | D:1      | wargas the Human Fighter began the quest for the Orb.
     0 | D:1      | Reached XP level 1. HP: 18/18 MP: 1/1
   361 | D:1      | You fall through a shaft!
   448 | D:2      | Reached XP level 2. HP: 24/24 MP: 2/2
   761 | D:2      | Reached XP level 3. HP: 26/29 MP: 3/3
   945 | D:2      | Reached skill level 1 in Dodging
   945 | D:2      | Reached XP level 4. HP: 16/35 MP: 4/4
  3455 | D:3      | Reached XP level 5. HP: 41/41 MP: 5/5
  3994 | D:3      | Found a glowing golden altar of the Shining One.
  4600 | D:3      | Reached skill level 4 in Shields
  4609 | D:3      | HP: 2/41 [worm (2)]
  4610 | D:3      | Slain by a worm

Vault maps used:
D:1:      sevenhm_arrival_forest_fort_large_1
D:2:      first_bread, hangedman_abyss_or_decor_stabs
D:3:      xom_redecorated, gammafunk_temple_overflow_wave,
          nicolae_overflow_hidden_temple, serial_curves, eino_curves_04,
          eino_curves_04, kennysheep_generic_room_8

Action                   |  1- 3 |  4- 6 || total
-------------------------+-------+-------++-------
Melee: Long sword        |    59 |    53 ||   112
       Hand axe          |       |    94 ||    94
 Fire: Hunting sling     |       |     1 ||     1
Throw: Stone             |     5 |     9 ||    14
  Use: Potion            |     1 |     3 ||     4
       Scroll            |       |     2 ||     2
  Eat: Bread ration      |     1 |     1 ||     2
       Meat ration       |       |     2 ||     2
